Coutelas vs Punishers
Created - March 20, 2021 at 19:49
Goals
|
| Coutelas |
1 |
2 |
2 |
5 |
| Punishers |
3 |
1 |
3 |
7 |
|
Shots
|
| Coutelas |
8 |
12 |
7 |
27 |
| Punishers |
8 |
13 |
13 |
34 |
|
1st period
1. Punishers , Carter Ashton 10 (Radek Faksa 51) at 8:55
2. Punishers , Madison Bowey 7 (Andreas Athanasiou 31, Zack Hamill 17) at 17:01 (PP)
3. Punishers , Corey Tropp 25 (Zack Hamill 18, Samuel Morin 20) at 17:13
4. Coutelas , Petter Granberg 1 (Dustin Kohn 51, Michael Chaput 25) at 19:23
Penalties :
Austen Brassard (Pro) for Tripping (Minor) at 0:56, Madison Bowey (Pro) for Holding (Minor) at 5:19, Patrick Sieloff (MDÉ) for Hooking (Minor) at 16:53, Zack Hamill (Pro) for Delaying the game (Minor) at 19:26
2nd period
5. Punishers , Zack Hamill 9 (Samuel Morin 21) at 4:05
6. Coutelas , Michael Chaput 21 (Ben Harpur 24) at 5:24
7. Coutelas , Martins Karsums 16 (Petter Granberg 7, Craig Cunningham 37) at 13:36 (PP)
Penalties :
Austen Brassard (Pro) for Interference (Minor) at 8:13, Joseph Cramarossa (Pro) for Tripping (Minor) at 13:10
3rd period
8. Punishers , Zack Hamill 10 (Andreas Athanasiou 32) at 2:11
9. Punishers , Andreas Athanasiou 26 (Corey Tropp 22, Zack Hamill 19) at 12:30
10. Coutelas , Martins Karsums 17 (Craig Cunningham 38, Stefan Matteau 43) at 18:29 (PP)
11. Punishers , Zack Hamill 11 (Corey Tropp 23, Andreas Athanasiou 33) at 19:06
12. Coutelas , Nick Mattson 3 (Ben Harpur 25, Mattias Janmark 9) at 19:57
Penalties :
Petter Granberg (MDÉ) for Hooking (Minor) at 12:33, Ben Harpur (MDÉ) for Roughing (Minor) at 15:47, Corey Tropp (Pro) for Holding (Minor) at 18:26
Goalie Stats
Mackenzie Blackwood (MDÉ), 17 saves from 20 shots - (0.850), L, 14-15-3, 35:55 minutes
Joe Cannata (MDÉ), 10 saves from 14 shots - (0.714), 24:05 minutes
Louis Domingue (Pro), 22 saves from 27 shots - (0.815), W, 28-15-2, 60:00 minutes
Players Stats for Coutelas
Player Name G A P +/- PIM S H SB GA TA FO MP PP MP PK MP
------------------------------------------------------------------------------------
Ben Harpur 0 2 2 -2 2 2 2 0 0 1 0/0 21:23 4:43 0:57
Craig Cunningham 0 2 2 -3 0 0 2 0 0 0 0/0 21:03 4:04 1:26
Curtis Lazar 0 0 0 0 0 0 0 0 0 0 0/0 0:18 0:08 0:00
Dustin Kohn 0 1 1 -2 0 0 2 1 3 0 0/0 26:37 3:42 2:09
Julius Honka 0 0 0 1 0 0 0 0 0 2 0/0 13:35 0:00 2:02
Kurtis Gabriel 0 0 0 0 0 0 1 0 0 0 0/0 8:11 0:00 0:00
Martins Karsums 2 0 2 -3 0 8 3 0 0 2 2/7 21:56 4:02 2:09
Mattias Janmark 0 1 1 0 0 0 0 0 1 0 0/0 8:31 0:00 0:20
Michael Chaput 1 1 2 0 0 2 1 0 1 0 4/9 17:12 4:18 0:31
Mikhail Grigorenko 0 0 0 0 0 3 0 0 0 0 3/6 8:47 0:00 0:28
Nick Mattson 1 0 1 -2 0 2 0 1 0 1 0/0 22:28 4:35 2:09
Nick Ritchie 0 0 0 0 0 2 4 0 0 0 0/2 16:41 4:18 0:00
Oliver Bjorkstrand 0 0 0 0 0 0 3 0 2 1 0/0 16:41 4:18 0:00
Patrick Sieloff 0 0 0 1 2 0 1 2 0 0 0/0 11:28 0:08 0:00
Petter Granberg 1 1 2 -2 2 2 1 4 0 1 0/0 24:56 3:42 0:55
Rhett Rakhshani 0 0 0 0 0 2 0 1 0 1 0/0 10:52 0:00 0:00
Stefan Matteau 0 1 1 -3 0 2 0 1 1 0 14/31 21:56 4:02 2:09
Tanner Richard 0 0 0 0 0 0 4 1 0 0 1/8 11:07 0:05 0:00
Teemu Pulkkinen 0 0 0 0 0 2 0 1 0 1 0/0 12:09 0:00 1:09
Players Stats for Punishers
Player Name G A P +/- PIM S H SB GA TA FO MP PP MP PK MP
------------------------------------------------------------------------------------
Andreas Athanasiou 1 3 4 5 0 3 1 0 0 0 1/2 21:15 2:16 3:31
Austen Brassard 0 0 0 -1 4 1 0 1 1 0 0/0 10:55 0:00 0:00
Ben Betker 0 0 0 1 0 0 1 4 1 0 0/0 21:47 1:09 3:55
Brett Kulak 0 0 0 1 0 3 4 3 0 0 0/0 21:30 1:09 3:54
Carter Ashton 1 0 1 -1 0 1 1 0 1 0 0/0 13:45 1:38 0:00
Corey Tropp 1 2 3 5 2 3 4 0 1 1 2/3 22:27 2:17 4:37
Elias Lindholm 0 0 0 -1 0 3 0 0 1 0 5/7 11:25 0:12 0:05
Fredrik Claesson 0 0 0 1 0 2 1 0 0 2 0/0 11:40 0:00 0:00
John Quenneville 0 0 0 0 0 0 1 0 0 0 4/7 8:51 0:11 0:00
Joseph Cramarossa 0 0 0 0 2 0 0 1 0 0 0/0 8:49 0:00 0:04
Madison Bowey 1 0 1 1 2 4 3 2 1 3 0/0 26:12 2:57 3:32
Michael Joly 0 0 0 0 0 0 0 0 0 0 1/1 8:35 0:00 0:00
Nikita Gusev 0 0 0 -1 0 2 0 1 1 0 2/2 12:34 0:00 1:59
Noah Juulsen 0 0 0 1 0 0 0 0 0 0 0/0 12:28 0:00 0:59
Radek Faksa 0 1 1 -1 0 2 3 1 0 1 4/8 17:48 1:38 3:30
Samuel Morin 0 2 2 1 0 2 0 0 3 1 0/0 26:33 2:57 4:30
Tyler Bertuzzi 0 0 0 -1 0 0 3 0 0 0 0/0 13:45 1:38 0:00
Zack Hamill 3 3 6 5 2 8 3 0 0 0 20/33 21:10 2:28 3:04
3 Stars
1 - Zack Hamill (Pro)
2 - Andreas Athanasiou (Pro)
3 - Corey Tropp (Pro)
Power Play
Coutelas - 2 on 6 Attempt(s) - 33.33%
Punishers - 1 on 3 Attempt(s) - 33.33%
Penalty Kill
Coutelas - 2 on 3 Attempt(s) - 66.67%
- Score 0 goal in Penalty Kill
Punishers - 4 on 6 Attempt(s) - 66.67%
- Score 0 goal in Penalty Kill
Team Stat
Coutelas - Hits : 24 - Faceoff Wins : 24 - Blocked Shots : 12 - Penalty Minutes : 6
Punishers - Hits : 25 - Faceoff Wins : 39 - Blocked Shots : 13 - Penalty Minutes : 12
Official
Referees : Unknown
Linesman : Unknown
Game Notes
Mackenzie Blackwood enters game at 4:05 of 2nd period
Zack Hamill has scored a Hat Trick!
Finance
Level 1 -- Attendance: 1280 (64.00%) -- Ticket Income $51,200
Level 2 -- Attendance: 730 (73.00%) -- Ticket Income $14,600
Total Attendance: 2010 (67.00%)
Total Ticket Income: $65,800
Other Income: $3,290
Total Income: $69,090
Coutelas
5 vs 5 Forward
Center Left Wing Right Wing Time % Phy DF OF
1 Stefan Matteau Craig Cunningham Martins Karsums 40 1 2 2
2 Michael Chaput Nick Ritchie Oliver Bjorkstrand 30 1 2 2
3 Tanner Richard Teemu Pulkkinen Rhett Rakhshani 20 1 2 2
4 Mikhail Grigorenko Mattias Janmark Kurtis Gabriel 10 1 2 2
5 vs 5 Defense
Defense Defense Time % Phy DF OF
1 Petter Granberg Dustin Kohn 40 1 2 2
2 Ben Harpur Nick Mattson 30 1 2 2
3 Patrick Sieloff Julius Honka 20 1 2 2
4 Petter Granberg Dustin Kohn 10 1 2 2
PowerPlay Forward
Center Left Wing Right Wing Time % Phy DF OF
1 Stefan Matteau Craig Cunningham Martins Karsums 60 1 2 2
2 Michael Chaput Nick Ritchie Oliver Bjorkstrand 40 1 2 2
PowerPlay Defense
Defense Defense Time % Phy DF OF
1 Petter Granberg Dustin Kohn 60 1 2 2
2 Ben Harpur Nick Mattson 40 1 2 2
Penalty Kill 4 Players Forward
Center Wing Time % Phy DF OF
1 Martins Karsums Stefan Matteau 60 1 2 2
2 Craig Cunningham Michael Chaput 40 1 2 2
Penalty Kill 4 Players Defense
Defense Defense Time % Phy DF OF
1 Petter Granberg Dustin Kohn 60 1 2 2
2 Ben Harpur Nick Mattson 40 1 2 2
Penalty Kill - 3 Players Forward
Forward Time % Phy DF OF
1 Martins Karsums 60 1 2 2
2 Stefan Matteau 40 1 2 2
Penalty Kill - 3 Players Defense
Defense Defense Time % Phy DF OF
1 Petter Granberg Dustin Kohn 60 1 2 2
2 Ben Harpur Nick Mattson 40 1 2 2
4 vs 4 Forward
Center Wing Time % Phy DF OF
1 Martins Karsums Stefan Matteau 60 1 2 2
2 Craig Cunningham Michael Chaput 40 1 2 2
4 vs 4 Defense
Defense Defense Time % Phy DF OF
1 Petter Granberg Dustin Kohn 60 1 2 2
2 Ben Harpur Nick Mattson 40 1 2 2
Last Minutes Offensive
Center Left Wing Right Wing Defense Defense
Stefan Matteau Craig Cunningham Martins Karsums Petter Granberg Dustin Kohn
Last Minutes Defensive
Center Left Wing Right Wing Defense Defense
Stefan Matteau Craig Cunningham Martins Karsums Petter Granberg Dustin Kohn
Goaltenders
Starting : Joe Cannata
Backup : Mackenzie Blackwood
Extra Forwards
Normal : Curtis Lazar, Tanner Richard, Teemu Pulkkinen - PP : Curtis Lazar, Tanner Richard - PK : Teemu Pulkkinen
Extra Defensemen
Normal : Patrick Sieloff, Julius Honka, Ben Harpur - PP : Patrick Sieloff - PK : Julius Honka, Ben Harpur
Penalty Shots
Martins Karsums, Stefan Matteau, Craig Cunningham, Michael Chaput, Tanner Richard
Scratches
Ross Johnston (Healthy), Patrick Russell (Healthy), Myles Bell (Healthy), Zach Whitecloud (Healthy), Mike Reilly (Strained Back Injury)
Nick Paul (Healthy), Duncan Siemens (Healthy), Calle Andersson (Healthy), Clark Bishop (Healthy), Nikita Scherbak (Healthy)
JJ. Piccinich (Healthy), Michael Giugovaz (Healthy)
Punishers
5 vs 5 Forward
Center Left Wing Right Wing Time % Phy DF OF
1 Zack Hamill Andreas Athanasiou Corey Tropp 40 1 2 2
2 Radek Faksa Tyler Bertuzzi Carter Ashton 30 1 2 2
3 Elias Lindholm Nikita Gusev Austen Brassard 20 1 2 2
4 John Quenneville Joseph Cramarossa Michael Joly 10 1 2 2
5 vs 5 Defense
Defense Defense Time % Phy DF OF
1 Samuel Morin Madison Bowey 40 1 2 2
2 Brett Kulak Ben Betker 30 1 2 2
3 Fredrik Claesson Noah Juulsen 20 1 2 2
4 Samuel Morin Madison Bowey 10 1 2 2
PowerPlay Forward
Center Left Wing Right Wing Time % Phy DF OF
1 Zack Hamill Andreas Athanasiou Corey Tropp 60 1 2 2
2 Radek Faksa Tyler Bertuzzi Carter Ashton 40 1 2 2
PowerPlay Defense
Defense Defense Time % Phy DF OF
1 Samuel Morin Madison Bowey 60 1 2 2
2 Brett Kulak Ben Betker 40 1 2 2
Penalty Kill 4 Players Forward
Center Wing Time % Phy DF OF
1 Zack Hamill Corey Tropp 60 1 2 2
2 Andreas Athanasiou Radek Faksa 40 1 2 2
Penalty Kill 4 Players Defense
Defense Defense Time % Phy DF OF
1 Samuel Morin Madison Bowey 60 1 2 2
2 Brett Kulak Ben Betker 40 1 2 2
Penalty Kill - 3 Players Forward
Forward Time % Phy DF OF
1 Zack Hamill 60 1 2 2
2 Corey Tropp 40 1 2 2
Penalty Kill - 3 Players Defense
Defense Defense Time % Phy DF OF
1 Samuel Morin Madison Bowey 60 1 2 2
2 Brett Kulak Ben Betker 40 1 2 2
4 vs 4 Forward
Center Wing Time % Phy DF OF
1 Zack Hamill Corey Tropp 60 1 2 2
2 Andreas Athanasiou Radek Faksa 40 1 2 2
4 vs 4 Defense
Defense Defense Time % Phy DF OF
1 Samuel Morin Madison Bowey 60 1 2 2
2 Brett Kulak Ben Betker 40 1 2 2
Last Minutes Offensive
Center Left Wing Right Wing Defense Defense
Zack Hamill Andreas Athanasiou Corey Tropp Samuel Morin Madison Bowey
Last Minutes Defensive
Center Left Wing Right Wing Defense Defense
Zack Hamill Andreas Athanasiou Corey Tropp Samuel Morin Madison Bowey
Goaltenders
Starting : Louis Domingue
Backup : Daniel Altshuller
Extra Forwards
Normal : Elias Lindholm, John Quenneville, Nikita Gusev - PP : Elias Lindholm, John Quenneville - PK : Nikita Gusev
Extra Defensemen
Normal : Fredrik Claesson, Noah Juulsen, Brett Kulak - PP : Fredrik Claesson - PK : Noah Juulsen, Brett Kulak
Penalty Shots
Zack Hamill, Corey Tropp, Andreas Athanasiou, Radek Faksa, Elias Lindholm
Scratches
Niko Mikkola (Healthy), Adam Pelech (Back Surgery Injury), Connor Clifton (Healthy), Nicolas Roy (Healthy), Gabriel Gagne (Healthy)
Austin Wagner (Healthy), Anton Blidh (Healthy), Daniel Audette (Healthy), Alex Schoenborn (Healthy)
% Time on Ice - Coutelas
Lines # - Real PCT - Wanted PCT - Time Play
Normal Forward
1 - 34% - 40% - 16:03
2 - 26% - 30% - 12:23
3 - 23% - 20% - 10:52
4 - 17% - 10% - 8:11
Normal Defense
1 - 41% - 40% - 19:18
2 - 33% - 30% - 15:44
3 - 23% - 20% - 10:52
4 - 3% - 10% - 1:35
PP Forward
1 - 49% - 60% - 4:07
2 - 51% - 40% - 4:18
PP Defense
1 - 46% - 60% - 3:50
2 - 54% - 40% - 4:35
PK Forward
1 - 87% - 60% - 3:35
2 - 13% - 40% - 0:31
PK Defense
1 - 48% - 60% - 1:57
2 - 52% - 40% - 2:09
PK3 Forward
1 - 0% - 60%
2 - 0% - 40%
PK3 Defense
1 - 0% - 60%
2 - 0% - 40%
44 Forward
1 - 0% - 60%
2 - 0% - 40%
44 Defense
1 - 0% - 60%
2 - 0% - 40%
Last Minute Offensive - 0:00
Last Minute Defensive - 0:00
Total
Forward - 60:00
Defense - 60:00
|
% Time on Ice - Punishers
Lines # - Real PCT - Wanted PCT - Time Play
Normal Forward
1 - 33% - 40% - 15:50
2 - 26% - 30% - 12:29
3 - 22% - 20% - 10:35
4 - 18% - 10% - 8:35
Normal Defense
1 - 39% - 40% - 18:21
2 - 35% - 30% - 16:27
3 - 24% - 20% - 11:13
4 - 3% - 10% - 1:28
PP Forward
1 - 60% - 60% - 2:28
2 - 40% - 40% - 1:38
PP Defense
1 - 72% - 60% - 2:57
2 - 28% - 40% - 1:09
PK Forward
1 - 71% - 60% - 5:59
2 - 29% - 40% - 2:26
PK Defense
1 - 59% - 60% - 4:56
2 - 41% - 40% - 3:29
PK3 Forward
1 - 0% - 60%
2 - 0% - 40%
PK3 Defense
1 - 0% - 60%
2 - 0% - 40%
44 Forward
1 - 0% - 60%
2 - 0% - 40%
44 Defense
1 - 0% - 60%
2 - 0% - 40%
Last Minute Offensive - 0:00
Last Minute Defensive - 0:00
Total
Forward - 60:00
Defense - 60:00
|
Play-by-Play
1st period
0:01 of 1st period - Stefan Matteau wins face-off versus Zack Hamill in neutral zone.
0:25 of 1st period - Samuel Morin is hit by Nick Ritchie and loses puck.
0:56 of 1st period - Minor Penalty to Austen Brassard for Tripping.
0:57 of 1st period - Zack Hamill wins face-off versus Stefan Matteau in Punishers zone.
1:38 of 1st period - Icing by Nick Mattson.
1:39 of 1st period - Zack Hamill wins face-off versus Michael Chaput in Coutelas zone.
2:52 of 1st period - Slapshot by Michael Chaput.
2:52 of 1st period - Shot Misses the Net.
2:56 of 1st period - Penalty to Austen Brassard is over, Austen Brassard is back on ice.
3:12 of 1st period - Wrist shot by Oliver Bjorkstrand.
3:12 of 1st period - Shot Misses the Net.
3:14 of 1st period - Slapshot by Ben Harpur.
3:14 of 1st period - Stopped by Louis Domingue without a rebound.
3:15 of 1st period - John Quenneville wins face-off versus Martins Karsums in Punishers zone.
3:15 of 1st period - John Quenneville is hit by Martins Karsums.
3:20 of 1st period - Off-side.
3:21 of 1st period - Stefan Matteau wins face-off versus John Quenneville in neutral zone.
3:28 of 1st period - Backhand shot by Martins Karsums.
3:28 of 1st period - Shot Misses the Net.
3:48 of 1st period - Wrist shot by Rhett Rakhshani.
3:48 of 1st period - Stopped by Louis Domingue without a rebound.
3:49 of 1st period - Tanner Richard wins face-off versus Elias Lindholm in Punishers zone.
3:56 of 1st period - Wrist shot by Nikita Gusev.
3:56 of 1st period - Stopped by Joe Cannata with a rebound.
3:58 of 1st period - Slapshot by Fredrik Claesson.
3:58 of 1st period - Shot Blocked by Petter Granberg.
4:00 of 1st period - Slapshot by Noah Juulsen.
4:00 of 1st period - Shot Blocked by Rhett Rakhshani.
5:06 of 1st period - Julius Honka is hit by Madison Bowey and loses puck.
5:19 of 1st period - Minor Penalty to Madison Bowey for Holding.
5:20 of 1st period - Stefan Matteau wins face-off versus Zack Hamill in Punishers zone.
6:07 of 1st period - Andreas Athanasiou is hit by Nick Ritchie and loses puck.
7:19 of 1st period - Penalty to Madison Bowey is over, Madison Bowey is back on ice.
7:24 of 1st period - Noah Juulsen is hit by Craig Cunningham and loses puck.
8:01 of 1st period - Madison Bowey is hit by Tanner Richard.
8:11 of 1st period - Tyler Bertuzzi is hit by Kurtis Gabriel and loses puck.
8:32 of 1st period - Icing by Mikhail Grigorenko.
8:33 of 1st period - Mikhail Grigorenko wins face-off versus Zack Hamill in Coutelas zone.
8:33 of 1st period - Mikhail Grigorenko is hit by Corey Tropp.
8:53 of 1st period - Icing by Oliver Bjorkstrand.
8:54 of 1st period - Radek Faksa wins face-off versus Michael Chaput in Coutelas zone.
8:55 of 1st period - Snap shot by Carter Ashton.
8:55 of 1st period - Goal by Carter Ashton - Coutelas : 0 - Punishers : 1.
8:56 of 1st period - Corey Tropp wins face-off versus Stefan Matteau in neutral zone.
9:03 of 1st period - Wrist shot by Stefan Matteau.
9:03 of 1st period - Stopped by Louis Domingue with a rebound.
9:05 of 1st period - Wrist shot by Stefan Matteau.
9:05 of 1st period - Shot Misses the Net.
9:07 of 1st period - Backhand shot by Nick Mattson.
9:07 of 1st period - Deflect By Stefan Matteau.
9:07 of 1st period - Shot Misses the Net.
9:07 of 1st period - Puck is out of play.
9:08 of 1st period - Stefan Matteau wins face-off versus Zack Hamill in Punishers zone.
9:15 of 1st period - Snap shot by Martins Karsums.
9:15 of 1st period - Stopped by Louis Domingue with a rebound.
9:17 of 1st period - Slapshot by Craig Cunningham.
9:17 of 1st period - Shot Misses the Net.
9:19 of 1st period - Wrist shot by Ben Harpur.
9:19 of 1st period - Shot Blocked by Brett Kulak.
9:21 of 1st period - Snap shot by Martins Karsums.
9:21 of 1st period - Shot Hit the Post.
9:23 of 1st period - Slapshot by Nick Mattson.
9:23 of 1st period - Shot Misses the Net.
9:42 of 1st period - Wrist shot by Michael Chaput.
9:42 of 1st period - Stopped by Louis Domingue without a rebound.
9:43 of 1st period - Zack Hamill wins face-off versus Stefan Matteau in Punishers zone.
9:43 of 1st period - Zack Hamill is hit by Martins Karsums.
9:49 of 1st period - Slapshot by Corey Tropp.
9:49 of 1st period - Deflect By Andreas Athanasiou.
9:49 of 1st period - Shot Hit the Post.
9:49 of 1st period - Puck is out of play.
9:50 of 1st period - Andreas Athanasiou wins face-off versus Stefan Matteau in Coutelas zone.
10:21 of 1st period - Fredrik Claesson is hit by Oliver Bjorkstrand and loses puck.
10:40 of 1st period - Wrist shot by Dustin Kohn.
10:40 of 1st period - Shot Misses the Net.
11:17 of 1st period - Wrist shot by Radek Faksa.
11:17 of 1st period - Shot Blocked by Patrick Sieloff.
11:39 of 1st period - Wrist shot by Nikita Gusev.
11:39 of 1st period - Shot Misses the Net.
11:41 of 1st period - Wrist shot by Austen Brassard.
11:41 of 1st period - Stopped by Joe Cannata with a rebound.
12:01 of 1st period - Snap shot by Mikhail Grigorenko.
12:01 of 1st period - Stopped by Louis Domingue with a rebound.
12:21 of 1st period - Madison Bowey is hit by Ben Harpur and loses puck.
13:12 of 1st period - Slapshot by Nikita Gusev.
13:12 of 1st period - Shot Blocked by Petter Granberg.
13:14 of 1st period - Snap shot by Nikita Gusev.
13:14 of 1st period - Stopped by Joe Cannata with a rebound.
13:16 of 1st period - Slapshot by Samuel Morin.
13:16 of 1st period - Shot Misses the Net.
13:30 of 1st period - Slapshot by Dustin Kohn.
13:30 of 1st period - Shot Hit the Post.
13:40 of 1st period - Wrist shot by Mattias Janmark.
13:40 of 1st period - Shot Misses the Net.
14:08 of 1st period - Slapshot by Brett Kulak.
14:08 of 1st period - Shot Blocked by Teemu Pulkkinen.
14:10 of 1st period - Snap shot by John Quenneville.
14:10 of 1st period - Shot Misses the Net.
14:12 of 1st period - Slapshot by Ben Betker.
14:12 of 1st period - Shot Misses the Net.
14:14 of 1st period - Slapshot by Brett Kulak.
14:14 of 1st period - Shot Misses the Net.
14:26 of 1st period - Snap shot by John Quenneville.
14:26 of 1st period - Shot Misses the Net.
14:28 of 1st period - Slapshot by Brett Kulak.
14:28 of 1st period - Stopped by Joe Cannata without a rebound.
14:29 of 1st period - Radek Faksa wins face-off versus Nick Ritchie in Coutelas zone.
14:38 of 1st period - Snap shot by Nick Ritchie.
14:38 of 1st period - Shot Misses the Net.
15:03 of 1st period - Petter Granberg is hit by Corey Tropp and loses puck.
15:23 of 1st period - Tanner Richard is hit by Brett Kulak and loses puck.
15:40 of 1st period - Michael Chaput is hit by Tyler Bertuzzi and loses puck.
16:17 of 1st period - Stefan Matteau is hit by Zack Hamill and loses puck.
16:53 of 1st period - Minor Penalty to Patrick Sieloff for Hooking.
16:54 of 1st period - Zack Hamill wins face-off versus Martins Karsums in Coutelas zone.
16:59 of 1st period - Snap shot by Andreas Athanasiou.
16:59 of 1st period - Shot Misses the Net.
17:01 of 1st period - Slapshot by Madison Bowey.
17:01 of 1st period - Goal by Madison Bowey - Coutelas : 0 - Punishers : 2.
17:02 of 1st period - Zack Hamill wins face-off versus Stefan Matteau in neutral zone.
17:13 of 1st period - Wrist shot by Corey Tropp.
17:13 of 1st period - Goal by Corey Tropp - Coutelas : 0 - Punishers : 3.
17:14 of 1st period - Zack Hamill wins face-off versus Stefan Matteau in neutral zone.
17:19 of 1st period - Slapshot by Samuel Morin.
17:19 of 1st period - Shot Blocked by Petter Granberg.
17:54 of 1st period - Snap shot by Michael Chaput.
17:54 of 1st period - Shot Misses the Net.
18:21 of 1st period - Icing by Noah Juulsen.
18:22 of 1st period - Mikhail Grigorenko wins face-off versus John Quenneville in Punishers zone.
19:08 of 1st period - Nick Ritchie is hit by Radek Faksa and loses puck.
19:13 of 1st period - Snap shot by Radek Faksa.
19:13 of 1st period - Shot Misses the Net.
19:15 of 1st period - Backhand shot by Fredrik Claesson.
19:15 of 1st period - Stopped by Joe Cannata without a rebound.
19:16 of 1st period - Michael Chaput wins face-off versus Radek Faksa in Coutelas zone.
19:21 of 1st period - Slapshot by Dustin Kohn.
19:21 of 1st period - Shot Blocked by Radek Faksa.
19:23 of 1st period - Slapshot by Petter Granberg.
19:23 of 1st period - Deflect By Carter Ashton.
19:23 of 1st period - Goal by Petter Granberg - Coutelas : 1 - Punishers : 3.
19:24 of 1st period - Zack Hamill wins face-off versus Stefan Matteau in neutral zone.
19:26 of 1st period - Minor Penalty to Zack Hamill for Delaying the game.
19:27 of 1st period - Nikita Gusev wins face-off versus Stefan Matteau in Punishers zone.
19:27 of 1st period - Nikita Gusev is hit by Petter Granberg.
19:38 of 1st period - Snap shot by Martins Karsums.
19:38 of 1st period - Stopped by Louis Domingue with a rebound.
19:53 of 1st period - Samuel Morin is hit by Oliver Bjorkstrand and loses puck.
Goals for this period are 1 for Coutelas vs 3 for Punishers.
Shots for this period are 8 for Coutelas vs 8 for Punishers.
2nd period
0:01 of 2nd period - Nikita Gusev wins face-off versus Stefan Matteau in neutral zone.
0:08 of 2nd period - Slapshot by Corey Tropp.
0:08 of 2nd period - Shot Misses the Net.
0:10 of 2nd period - Slapshot by Samuel Morin.
0:10 of 2nd period - Deflect By Corey Tropp.
0:10 of 2nd period - Stopped by Joe Cannata with a rebound.
0:16 of 2nd period - Snap shot by Corey Tropp.
0:16 of 2nd period - Shot Blocked by Petter Granberg.
1:26 of 2nd period - Penalty to Zack Hamill is over, Zack Hamill is back on ice.
1:45 of 2nd period - Snap shot by Zack Hamill.
1:45 of 2nd period - Shot Misses the Net.
1:49 of 2nd period - Backhand shot by Zack Hamill.
1:49 of 2nd period - Shot Misses the Net.
1:51 of 2nd period - Snap shot by Noah Juulsen.
1:51 of 2nd period - Shot Blocked by Tanner Richard.
1:53 of 2nd period - Slapshot by Fredrik Claesson.
1:53 of 2nd period - Stopped by Joe Cannata without a rebound.
1:54 of 2nd period - Mikhail Grigorenko wins face-off versus John Quenneville in Coutelas zone.
2:19 of 2nd period - Wrist shot by Radek Faksa.
2:19 of 2nd period - Stopped by Joe Cannata with a rebound.
2:21 of 2nd period - Slapshot by Samuel Morin.
2:21 of 2nd period - Stopped by Joe Cannata with a rebound.
3:26 of 2nd period - Noah Juulsen is hit by Tanner Richard.
3:53 of 2nd period - Michael Chaput is hit by Fredrik Claesson and loses puck.
3:58 of 2nd period - Snap shot by Zack Hamill.
3:58 of 2nd period - Stopped by Joe Cannata without a rebound.
3:59 of 2nd period - Stefan Matteau wins face-off versus Corey Tropp in Coutelas zone.
3:59 of 2nd period - Stefan Matteau is hit by Corey Tropp.
4:05 of 2nd period - Slapshot by Zack Hamill.
4:05 of 2nd period - Goal by Zack Hamill - Coutelas : 1 - Punishers : 4.
4:05 of 2nd period - Mackenzie Blackwood enters game.
4:06 of 2nd period - Zack Hamill wins face-off versus Stefan Matteau in neutral zone.
4:11 of 2nd period - Craig Cunningham is hit by Madison Bowey and loses puck.
4:44 of 2nd period - Nick Ritchie is hit by Radek Faksa and loses puck.
4:58 of 2nd period - Icing by Tanner Richard.
4:59 of 2nd period - Elias Lindholm wins face-off versus Tanner Richard in Coutelas zone.
5:24 of 2nd period - Wrist shot by Michael Chaput.
5:24 of 2nd period - Goal by Michael Chaput - Coutelas : 2 - Punishers : 4.
5:25 of 2nd period - Zack Hamill wins face-off versus Stefan Matteau in neutral zone.
6:20 of 2nd period - Slapshot by Samuel Morin.
6:20 of 2nd period - Deflect By Dustin Kohn.
6:20 of 2nd period - Stopped by Mackenzie Blackwood without a rebound.
6:21 of 2nd period - Stefan Matteau wins face-off versus Zack Hamill in Coutelas zone.
6:32 of 2nd period - Wrist shot by Stefan Matteau.
6:32 of 2nd period - Stopped by Louis Domingue without a rebound.
6:33 of 2nd period - Zack Hamill wins face-off versus Stefan Matteau in Punishers zone.
6:46 of 2nd period - Wrist shot by Martins Karsums.
6:46 of 2nd period - Stopped by Louis Domingue with a rebound.
7:17 of 2nd period - Madison Bowey is hit by Nick Ritchie and loses puck.
7:30 of 2nd period - Snap shot by Mikhail Grigorenko.
7:30 of 2nd period - Stopped by Louis Domingue without a rebound.
7:31 of 2nd period - Zack Hamill wins face-off versus Mikhail Grigorenko in Punishers zone.
7:36 of 2nd period - Mattias Janmark is hit by Zack Hamill and loses puck.
7:45 of 2nd period - Snap shot by Corey Tropp.
7:45 of 2nd period - Deflect By Petter Granberg.
7:45 of 2nd period - Stopped by Mackenzie Blackwood with a rebound.
7:47 of 2nd period - Backhand shot by Corey Tropp.
7:47 of 2nd period - Shot Misses the Net.
7:56 of 2nd period - Petter Granberg is hit by Brett Kulak and loses puck.
8:01 of 2nd period - Snap shot by Craig Cunningham.
8:01 of 2nd period - Shot Misses the Net.
8:03 of 2nd period - Snap shot by Stefan Matteau.
8:03 of 2nd period - Shot Blocked by Nikita Gusev.
8:05 of 2nd period - Snap shot by Martins Karsums.
8:05 of 2nd period - Shot Misses the Net.
8:07 of 2nd period - Wrist shot by Martins Karsums.
8:07 of 2nd period - Stopped by Louis Domingue with a rebound.
8:13 of 2nd period - Minor Penalty to Austen Brassard for Interference.
8:14 of 2nd period - Stefan Matteau wins face-off versus Zack Hamill in Punishers zone.
8:48 of 2nd period - Wrist shot by Andreas Athanasiou.
8:48 of 2nd period - Stopped by Mackenzie Blackwood with a rebound.
8:50 of 2nd period - Slapshot by Samuel Morin.
8:50 of 2nd period - Shot Misses the Net.
8:52 of 2nd period - Snap shot by Radek Faksa.
8:52 of 2nd period - Stopped by Mackenzie Blackwood with a rebound.
10:13 of 2nd period - Penalty to Austen Brassard is over, Austen Brassard is back on ice.
10:18 of 2nd period - Brett Kulak is hit by Ben Harpur and loses puck.
11:19 of 2nd period - Zack Hamill is hit by Martins Karsums and loses puck.
11:40 of 2nd period - Tanner Richard is hit by John Quenneville and loses puck.
11:45 of 2nd period - Backhand shot by John Quenneville.
11:45 of 2nd period - Shot Misses the Net.
12:07 of 2nd period - Petter Granberg is hit by Madison Bowey and loses puck.
12:30 of 2nd period - Carter Ashton is hit by Oliver Bjorkstrand and loses puck.
13:10 of 2nd period - Minor Penalty to Joseph Cramarossa for Tripping.
13:11 of 2nd period - Zack Hamill wins face-off versus Stefan Matteau in Punishers zone.
13:22 of 2nd period - Wrist shot by Nick Mattson.
13:22 of 2nd period - Stopped by Louis Domingue without a rebound.
13:23 of 2nd period - Stefan Matteau wins face-off versus Zack Hamill in Punishers zone.
13:34 of 2nd period - Snap shot by Petter Granberg.
13:34 of 2nd period - Stopped by Louis Domingue with a rebound.
13:36 of 2nd period - Snap shot by Martins Karsums.
13:36 of 2nd period - Goal by Martins Karsums - Coutelas : 3 - Punishers : 4.
13:37 of 2nd period - Stefan Matteau wins face-off versus Zack Hamill in neutral zone.
13:45 of 2nd period - Icing by Corey Tropp.
13:46 of 2nd period - Zack Hamill wins face-off versus Martins Karsums in Punishers zone.
14:03 of 2nd period - Wrist shot by Stefan Matteau.
14:03 of 2nd period - Deflect By Martins Karsums.
14:03 of 2nd period - Stopped by Louis Domingue with a rebound.
14:11 of 2nd period - Snap shot by Zack Hamill.
14:11 of 2nd period - Shot Misses the Net.
14:23 of 2nd period - Wrist shot by Zack Hamill.
14:23 of 2nd period - Shot Misses the Net.
14:45 of 2nd period - Wrist shot by Zack Hamill.
14:45 of 2nd period - Stopped by Mackenzie Blackwood without a rebound.
14:46 of 2nd period - Michael Chaput wins face-off versus Radek Faksa in Coutelas zone.
14:46 of 2nd period - Michael Chaput is hit by Tyler Bertuzzi.
14:56 of 2nd period - Slapshot by Nick Mattson.
14:56 of 2nd period - Shot Blocked by Ben Betker.
14:58 of 2nd period - Wrist shot by Nick Ritchie.
14:58 of 2nd period - Stopped by Louis Domingue with a rebound.
15:00 of 2nd period - Slapshot by Ben Harpur.
15:00 of 2nd period - Shot Blocked by Brett Kulak.
15:02 of 2nd period - Slapshot by Oliver Bjorkstrand.
15:02 of 2nd period - Deflect By Tyler Bertuzzi.
15:02 of 2nd period - Shot Blocked by Ben Betker.
15:02 of 2nd period - Puck is out of play.
15:03 of 2nd period - Elias Lindholm wins face-off versus Tanner Richard in Punishers zone.
15:08 of 2nd period - Brett Kulak is hit by Tanner Richard.
15:14 of 2nd period - Rhett Rakhshani is hit by Brett Kulak and loses puck.
15:40 of 2nd period - Snap shot by Rhett Rakhshani.
15:40 of 2nd period - Stopped by Louis Domingue with a rebound.
16:44 of 2nd period - Wrist shot by Elias Lindholm.
16:44 of 2nd period - Stopped by Mackenzie Blackwood with a rebound.
16:46 of 2nd period - Slapshot by Madison Bowey.
16:46 of 2nd period - Stopped by Mackenzie Blackwood without a rebound.
16:47 of 2nd period - Zack Hamill wins face-off versus Stefan Matteau in Coutelas zone.
17:09 of 2nd period - Icing by Stefan Matteau.
17:10 of 2nd period - Stefan Matteau wins face-off versus Radek Faksa in Coutelas zone.
17:10 of 2nd period - Stefan Matteau is hit by Radek Faksa.
17:36 of 2nd period - Petter Granberg is hit by Andreas Athanasiou and loses puck.
18:10 of 2nd period - Snap shot by Craig Cunningham.
18:10 of 2nd period - Shot Blocked by Austen Brassard.
18:26 of 2nd period - Slapshot by Nick Mattson.
18:26 of 2nd period - Shot Blocked by Madison Bowey.
18:40 of 2nd period - Nick Mattson is hit by Tyler Bertuzzi and loses puck.
19:35 of 2nd period - Snap shot by Mikhail Grigorenko.
19:35 of 2nd period - Stopped by Louis Domingue without a rebound.
19:36 of 2nd period - John Quenneville wins face-off versus Mikhail Grigorenko in Punishers zone.
19:40 of 2nd period - Off-side.
19:41 of 2nd period - John Quenneville wins face-off versus Stefan Matteau in neutral zone.
19:53 of 2nd period - Off-side.
19:54 of 2nd period - Martins Karsums wins face-off versus Zack Hamill in neutral zone.
Goals for this period are 2 for Coutelas vs 1 for Punishers.
Shots for this period are 12 for Coutelas vs 13 for Punishers.
3rd period
0:01 of 3rd period - Zack Hamill wins face-off versus Stefan Matteau in neutral zone.
0:34 of 3rd period - Off-side.
0:35 of 3rd period - Radek Faksa wins face-off versus Michael Chaput in neutral zone.
1:00 of 3rd period - Zack Hamill is hit by Craig Cunningham and loses puck.
2:11 of 3rd period - Snap shot by Zack Hamill.
2:11 of 3rd period - Goal by Zack Hamill - Coutelas : 3 - Punishers : 5.
2:12 of 3rd period - Stefan Matteau wins face-off versus Zack Hamill in neutral zone.
2:37 of 3rd period - Carter Ashton is hit by Michael Chaput and loses puck.
3:06 of 3rd period - Off-side.
3:07 of 3rd period - John Quenneville wins face-off versus Tanner Richard in neutral zone.
3:22 of 3rd period - Slapshot by Brett Kulak.
3:22 of 3rd period - Stopped by Mackenzie Blackwood with a rebound.
3:36 of 3rd period - Snap shot by Teemu Pulkkinen.
3:36 of 3rd period - Shot Misses the Net.
3:38 of 3rd period - Slapshot by Nick Mattson.
3:38 of 3rd period - Shot Misses the Net.
3:40 of 3rd period - Wrist shot by Teemu Pulkkinen.
3:40 of 3rd period - Stopped by Louis Domingue without a rebound.
3:41 of 3rd period - Stefan Matteau wins face-off versus Zack Hamill in Punishers zone.
3:52 of 3rd period - Wrist shot by Martins Karsums.
3:52 of 3rd period - Stopped by Louis Domingue with a rebound.
3:56 of 3rd period - Backhand shot by Stefan Matteau.
3:56 of 3rd period - Shot Misses the Net.
4:12 of 3rd period - Slapshot by Michael Chaput.
4:12 of 3rd period - Shot Misses the Net.
5:10 of 3rd period - Snap shot by Andreas Athanasiou.
5:10 of 3rd period - Stopped by Mackenzie Blackwood with a rebound.
5:12 of 3rd period - Slapshot by Brett Kulak.
5:12 of 3rd period - Stopped by Mackenzie Blackwood with a rebound.
5:14 of 3rd period - Slapshot by Ben Betker.
5:14 of 3rd period - Shot Misses the Net.
5:16 of 3rd period - Slapshot by Zack Hamill.
5:16 of 3rd period - Shot Blocked by Stefan Matteau.
5:18 of 3rd period - Wrist shot by Zack Hamill.
5:18 of 3rd period - Stopped by Mackenzie Blackwood without a rebound.
5:19 of 3rd period - Radek Faksa wins face-off versus Michael Chaput in Coutelas zone.
6:26 of 3rd period - Wrist shot by Nick Ritchie.
6:26 of 3rd period - Stopped by Louis Domingue without a rebound.
6:27 of 3rd period - Zack Hamill wins face-off versus Michael Chaput in Punishers zone.
6:42 of 3rd period - Slapshot by Nick Ritchie.
6:42 of 3rd period - Shot Misses the Net.
7:48 of 3rd period - Snap shot by Elias Lindholm.
7:48 of 3rd period - Stopped by Mackenzie Blackwood without a rebound.
7:49 of 3rd period - Michael Chaput wins face-off versus Andreas Athanasiou in Coutelas zone.
7:58 of 3rd period - Nick Ritchie is hit by Brett Kulak.
8:19 of 3rd period - Wrist shot by Teemu Pulkkinen.
8:19 of 3rd period - Shot Blocked by Ben Betker.
8:21 of 3rd period - Snap shot by Tanner Richard.
8:21 of 3rd period - Deflect By Teemu Pulkkinen.
8:21 of 3rd period - Stopped by Louis Domingue with a rebound.
8:37 of 3rd period - Wrist shot by Elias Lindholm.
8:37 of 3rd period - Shot Blocked by Patrick Sieloff.
9:08 of 3rd period - Icing by Brett Kulak.
9:09 of 3rd period - Michael Joly wins face-off versus Tanner Richard in Punishers zone.
9:09 of 3rd period - Michael Joly is hit by Patrick Sieloff.
9:27 of 3rd period - Zack Hamill is hit by Tanner Richard and loses puck.
10:04 of 3rd period - Snap shot by Nikita Gusev.
10:04 of 3rd period - Deflect By Elias Lindholm.
10:04 of 3rd period - Stopped by Mackenzie Blackwood with a rebound.
11:29 of 3rd period - Wrist shot by Michael Chaput.
11:29 of 3rd period - Shot Misses the Net.
11:44 of 3rd period - Icing by Brett Kulak.
11:45 of 3rd period - Zack Hamill wins face-off versus Mikhail Grigorenko in Punishers zone.
12:18 of 3rd period - Wrist shot by Mikhail Grigorenko.
12:18 of 3rd period - Shot Misses the Net.
12:28 of 3rd period - Backhand shot by Corey Tropp.
12:28 of 3rd period - Shot Misses the Net.
12:30 of 3rd period - Snap shot by Andreas Athanasiou.
12:30 of 3rd period - Goal by Andreas Athanasiou - Coutelas : 3 - Punishers : 6.
12:31 of 3rd period - Stefan Matteau wins face-off versus Radek Faksa in neutral zone.
12:33 of 3rd period - Minor Penalty to Petter Granberg for Hooking.
12:34 of 3rd period - Zack Hamill wins face-off versus Martins Karsums in Coutelas zone.
13:40 of 3rd period - Craig Cunningham is hit by Zack Hamill and loses puck.
14:27 of 3rd period - John Quenneville is hit by Dustin Kohn and loses puck.
14:33 of 3rd period - Penalty to Petter Granberg is over, Petter Granberg is back on ice.
14:44 of 3rd period - Slapshot by Dustin Kohn.
14:44 of 3rd period - Deflect By Michael Chaput.
14:44 of 3rd period - Shot Blocked by Brett Kulak.
14:44 of 3rd period - Puck is out of play.
14:45 of 3rd period - Elias Lindholm wins face-off versus Nick Ritchie in Punishers zone.
15:17 of 3rd period - Slapshot by Dustin Kohn.
15:17 of 3rd period - Shot Blocked by Joseph Cramarossa.
15:33 of 3rd period - Slapshot by Martins Karsums.
15:33 of 3rd period - Shot Misses the Net.
15:47 of 3rd period - Minor Penalty to Ben Harpur for Roughing.
15:48 of 3rd period - Corey Tropp wins face-off versus Martins Karsums in Coutelas zone.
15:49 of 3rd period - Slapshot by Zack Hamill.
15:49 of 3rd period - Stopped by Mackenzie Blackwood with a rebound.
15:51 of 3rd period - Slapshot by Samuel Morin.
15:51 of 3rd period - Shot Blocked by Nick Mattson.
15:53 of 3rd period - Slapshot by Madison Bowey.
15:53 of 3rd period - Stopped by Mackenzie Blackwood with a rebound.
15:55 of 3rd period - Wrist shot by Corey Tropp.
15:55 of 3rd period - Deflect By Zack Hamill.
15:55 of 3rd period - Stopped by Mackenzie Blackwood without a rebound.
15:56 of 3rd period - Martins Karsums wins face-off versus Zack Hamill in Coutelas zone.
16:53 of 3rd period - Stefan Matteau is hit by Carter Ashton.
17:47 of 3rd period - Penalty to Ben Harpur is over, Ben Harpur is back on ice.
17:53 of 3rd period - Tyler Bertuzzi is hit by Dustin Kohn and loses puck.
18:04 of 3rd period - Slapshot by Nikita Gusev.
18:04 of 3rd period - Shot Hit the Post.
18:06 of 3rd period - Slapshot by Madison Bowey.
18:06 of 3rd period - Shot Blocked by Dustin Kohn.
18:08 of 3rd period - Slapshot by Madison Bowey.
18:08 of 3rd period - Stopped by Mackenzie Blackwood without a rebound.
18:09 of 3rd period - Michael Chaput wins face-off versus Elias Lindholm in Coutelas zone.
18:09 of 3rd period - Michael Chaput is hit by Ben Betker.
18:23 of 3rd period - Snap shot by Michael Chaput.
18:23 of 3rd period - Deflect By Nick Ritchie.
18:23 of 3rd period - Shot Blocked by Ben Betker.
18:23 of 3rd period - Puck is out of play.
18:24 of 3rd period - Zack Hamill wins face-off versus Tanner Richard in Punishers zone.
18:26 of 3rd period - Minor Penalty to Corey Tropp for Holding.
18:27 of 3rd period - Stefan Matteau wins face-off versus Zack Hamill in Punishers zone.
18:29 of 3rd period - Wrist shot by Martins Karsums.
18:29 of 3rd period - Goal by Martins Karsums - Coutelas : 4 - Punishers : 6.
18:30 of 3rd period - Elias Lindholm wins face-off versus Tanner Richard in neutral zone.
18:55 of 3rd period - Craig Cunningham is hit by Corey Tropp and loses puck.
19:06 of 3rd period - Snap shot by Zack Hamill.
19:06 of 3rd period - Goal by Zack Hamill - Coutelas : 4 - Punishers : 7.
19:07 of 3rd period - Zack Hamill wins face-off versus Stefan Matteau in neutral zone.
19:10 of 3rd period - Wrist shot by Corey Tropp.
19:10 of 3rd period - Shot Misses the Net.
19:32 of 3rd period - Tyler Bertuzzi is hit by Nick Ritchie and loses puck.
19:53 of 3rd period - Slapshot by Mattias Janmark.
19:53 of 3rd period - Shot Blocked by Madison Bowey.
19:55 of 3rd period - Slapshot by Ben Harpur.
19:55 of 3rd period - Deflect By Madison Bowey.
19:55 of 3rd period - Stopped by Louis Domingue with a rebound.
19:57 of 3rd period - Slapshot by Nick Mattson.
19:57 of 3rd period - Goal by Nick Mattson - Coutelas : 5 - Punishers : 7.
19:58 of 3rd period - Elias Lindholm wins face-off versus Tanner Richard in neutral zone.
Goals for this period are 2 for Coutelas vs 3 for Punishers.
Shots for this period are 7 for Coutelas vs 13 for Punishers.
Output by the SimonT Hockey Simulator (STHS) for Francois Prevost